 Dungeon Crawl Stone Soup version 0.18-a0-1655-ge2d8d33 (webtiles) character file.

172 Etesian the Poker (level 5, 0/43 HPs)
             Began as a Merfolk Fighter on Mar 31, 2016.
             Slain by an ogre
             ... wielding a +0 giant spiked club
              (13 damage)
             ... on level 3 of the Dungeon.
             The game lasted 00:05:09 (2294 turns).

Etesian the Poker (Merfolk Fighter)                 Turns: 2294, Time: 00:05:10

Health: 0/43       AC: 10    Str: 17    XL:     5   Next: 53%
Magic:  5/5        EV:  8    Int:  8    God:
Gold:   103        SH: 10    Dex: 13    Spells: 0 memorised, 4 levels left

rFire  . . .     SeeInvis .     a - +0 trident
rCold  . . .     Gourm    .     b - +0 scale mail
rNeg   . . .     Faith    .     c - +1 shield
rPois  .         Spirit   .     r - +1 helmet
rElec  .         Dismiss  .     i - +0 cloak
rCorr  .         Reflect  .     (no gloves)
SustAt .         Harm     .     l - +0 pair of boots
MR     .....                    (no amulet)
Stlth  +.........               (no ring)
                                p - ring of stealth

@: not resistant to hostile enchantments, very unstealthy
A: change form in water, swift swim
a: no special abilities


You were on level 3 of the Dungeon.
You were not hungry.

You visited 1 branch of the dungeon, and saw 3 of its levels.

You collected 103 gold pieces.

Inventory:

Hand Weapons
 a - a +0 trident (weapon)
Missiles
 m - 3 tomahawks of returning (quivered)
 q - a throwing net
Armour
 b - a +0 scale mail (worn)
 c - a +1 shield (worn)
 i - a +0 cloak (worn)
 l - a +0 pair of boots (worn)
 r - a +1 helmet (worn)
Jewellery
 p - a ring of stealth (left hand)
Potions
 d - a potion of might
 e - 2 potions of heal wounds {unknown}
 k - a potion of agility {unknown}
 o - 2 potions of lignification {unknown}
Comestibles
 f - 3 bread rations
 g - a chunk of flesh
 h - a slice of pizza
 n - a royal jelly


   Skills:
 + Level 4.3 Fighting
 * Level 5.7 Polearms
 - Level 2.1 Armour
 + Level 2.1 Dodging
 + Level 3.7 Shields


You had 4 spell levels left.
You didn't know any spells.

Dungeon Overview and Level Annotations

Branches:
Dungeon (3/15)

Altars:
Cheibriados
Ru
Zin


Message History

The ogre is moderately wounded.
You hit the ogre.
The ogre is heavily wounded.
You block the ogre's attack.
You puncture the ogre!
The ogre is severely wounded.
The ogre hits you with a giant spiked club!
You hit the ogre.
The ogre is severely wounded.
The ogre hits you with a giant spiked club!
* * * LOW HITPOINT WARNING * * *
You hit the ogre but do no damage.
The ogre is severely wounded.
You hit the ogre.
The ogre is severely wounded.
You block the ogre's attack.
You barely miss the ogre.
The ogre is severely wounded.
The ogre hits you with a giant spiked club!
You die...

# ... # #.#
...... #.#
###... ##.#
# . #..#
#.## #.#
##########.#
#.O@...)...#
#.##########
.. #.. #(.
.. #


You could see an ogre.

Vanquished Creatures
  Robin (D:2)
  6 adders (D:2)
  4 gnolls (D:2)
  3 dart slugs
  3 giant cockroaches
  13 hobgoblins
  6 jackals (D:1)
  5 kobolds
  4 bats
  3 giant newts (D:1)
  10 goblins
  6 rats
64 creatures vanquished.

Notes
Turn   | Place    | Note
--------------------------------------------------------------
     0 | D:1      | Etesian the Merfolk Fighter began the quest for the Orb.
     0 | D:1      | Reached XP level 1. HP: 18/18 MP: 1/1
   200 | D:1      | Reached XP level 2. HP: 24/24 MP: 2/2
   485 | D:1      | Reached skill level 1 in Dodging
   520 | D:1      | Reached skill level 4 in Polearms
   520 | D:1      | Reached XP level 3. HP: 11/29 MP: 3/3
  1225 | D:2      | Found a sacrificial altar of Ru.
  1291 | D:2      | Reached XP level 4. HP: 15/37 MP: 4/4
  1676 | D:2      | Reached skill level 5 in Polearms
  1704 | D:2      | Reached XP level 5. HP: 17/42 MP: 5/5
  1930 | D:2      | Noticed Robin
  1959 | D:2      | Killed Robin
  1985 | D:2      | Noticed an angel
  1986 | D:2      | Found a glowing silver altar of Zin.
  2148 | D:2      | Found a snail-covered altar of Cheibriados.
  2285 | D:3      | Noticed an ogre
  2294 | D:3      | Slain by an ogre

Vault maps used:
D:1:      dpeg_arrival_yet_another_circle
D:2:      marbit_many_paths, lemuel_round_altar, zin_angel, uniq_robin
D:3:      yredelemnul_altar_generic, uniq_natasha

Skill      XL: |  1  2  3  4 |
---------------+-------------+-----
Dodging        | 1 2 |  2.1
Polearms       | 4 5 |  5.7
Fighting       | 4 |  4.3
Armour         | |  2.1
Shields        | |  3.7

Action                   |  1- 3 |  4- 6 || total
-------------------------+-------+-------++-------
Melee: Trident           |   167 |   136 ||   303
Throw: Tomahawk          |       |     1 ||     1
  Use: Scroll            |     3 |     2 ||     5
 Stab: Distracted        |       |     1 ||     1
       Sleeping          |       |     1 ||     1
  Eat: Chunk             |     1 |     4 ||     5
